 Dungeon Crawl Stone Soup version 0.29.0-11-gd7f09526c8 (webtiles) character file.

Game seed: 6206098953638682271

123 sentinel the Digger (level 5, 0/38 HPs)
             Began as a Meteoran Earth Elementalist on Sept 5, 2022.
             Slain by an iguana (11 damage)
             ... on level 5 of the Dungeon.
             The game lasted 00:03:33 (358 turns).

sentinel the Digger (Meteoran Earth Elementalist)    Turns: 358, Time: 00:03:33

Health: 0/38       AC:  3    Str: 10    XL:     5   Next: 54%
Magic:  2/11       EV: 12    Int: 18    God:
Gold:   0          SH:  0    Dex: 14    Spells: 4/10 levels left

rFire   . . .      SeeInvis .   e - potion of brilliance
rCold   . . .      Faith    .   (no shield)
rNeg    . . .      Spirit   .   a - +1 robe
rPois   .          Reflect  .   (no helmet)
rElec   .          Harm     .   (no cloak)
rCorr   .          Rampage  .   (no gloves)
Will    .....                   (no boots)
Stlth   +.........              (no amulet)
HPRegen 0.12/turn               (no ring)
MPRegen 0.12/turn               (no ring)

@: very slightly contaminated, glowing
A: sense surroundings 1, otherworldly, glowing, explore regen
a: no special abilities


You were on level 5 of the Dungeon.
You visited 1 branch of the dungeon, and saw 5 of its levels.

Inventory:

Armour
 a - a +1 robe (worn)
Potions
 e - a potion of brilliance (in hand)
 f - a potion of lignification


   Skills:
 - Level 2.4 Dodging
 - Level 1.4 Stealth
 + Level 3.4 Spellcasting
 * Level 2.6 Conjurations
 - Level 1.2 Transmutations
 + Level 5.6 Earth Magic


You had 4 spell levels left.
You knew the following spells:

 Your Spells              Type           Power      Damage    Failure   Level
a - Sandblast             Erth           46%        2d11      1%          1
b - Stone Arrow           Conj/Erth      36%        3d9       9%          3
c - Passwall              Tmut/Erth      12%        N/A       6%          2

Your spell library contained the following spells:

 Spells                   Type           Power      Damage    Failure   Level
 Petrify                  Tmut/Erth      15%        N/A       36%         4
 Ozocubu's Armour         Ice            3%         N/A       43%         3
 Ozocubu's Refrigeration  Ice            1%         4d7       100%        7


Dungeon Overview and Level Annotations

Branches:
Dungeon (5/15) Zot: 2611
 Temple: D:4-7

Altars:
Yredelemnul

Annotations:
D:4 Edmund


Innate Abilities, Weirdness & Mutations

You passively map a small area around you.
You are easily found by Zot.
You glow in the dark.
You regain HP and MP as you explore.


Message History

You hit the gnoll.
The gnoll is lightly wounded.
The gnoll hits you but does no damage. x2; The gnoll completely misses you.
Casting: Sandblast (safe; 1% risk of failure)
Confirm with . or Enter, or press ? or * to list all spells.
Aiming: Sandblast (safe; 1% risk of failure)
Press: ? - help, Shift-Dir - straight line, f - gnoll, p - gnoll
Aim: a gnoll, wielding a +0 whip (lightly wounded, 85% to hit)
The blast of sand hits the gnoll!
The gnoll is severely wounded.
The gnoll hits you from afar with a +0 spear.
* * * LOW HITPOINT WARNING * * *
The gnoll hits you but does no damage. x2; The gnoll barely misses you.
The gnoll hits you from afar with a +0 spear.
* * * LOW HITPOINT WARNING * * *
The gnoll hits you but does no damage.
HP warning!
You hit the gnoll.
The gnoll is almost dead.
The gnoll hits you but does no damage. x3
HP warning!
You hit the gnoll.
You kill the gnoll!
The gnoll hits you but does no damage. x2
HP warning!
You completely miss the gnoll.
The gnoll hits you but does no damage. x2
HP warning!
You hit the gnoll.
The gnoll is moderately wounded.
The gnoll hits you but does no damage. The gnoll barely misses you.
You hit the gnoll.
The gnoll is heavily wounded.
The gnoll hits you but does no damage.
The gnoll hits you from afar with a +0 spear.
* * * LOW HITPOINT WARNING * * *
HP warning!
You smack the gnoll!
You kill the gnoll!
The gnoll hits you from afar with a +0 spear.
* * * LOW HITPOINT WARNING * * *
HP warning!
Okay, then.
Okay, then.
Magic courses through your body. The gnoll hits you but does no damage.
HP warning!
Casting: Sandblast (safe; 1% risk of failure)
Confirm with . or Enter, or press ? or * to list all spells.
Aiming: Sandblast (safe; 1% risk of failure)
Press: ? - help, Shift-Dir - straight line, f - gnoll
Aim: a gnoll, wielding a +0 spear (heavily wounded, 85% to hit)
The blast of sand hits the gnoll!
You kill the gnoll!
HP warning!
HP warning!
Unknown command.
You cannot move.
HP warning!
HP warning!
You cannot move.
Okay, then.
You cannot move.
e - a potion of brilliance (in branch) HP warning!
You swing at nothing.
HP warning!
You swing at nothing.
HP warning!
You swing at nothing.
HP warning!
You swing at nothing.
HP warning!
You swing at nothing.
HP warning!
You swing at nothing.
HP warning!
You swing at nothing.
HP warning!
You swing at nothing.
HP warning!
You swing at nothing.
HP warning!
You swing at nothing.
HP warning!
You swing at nothing.
HP warning!
You swing at nothing.
HP warning!
You swing at nothing.
Your transformation is almost over.
HP warning!
You swing at nothing.
HP warning!
You swing at nothing.
HP warning!
You swing at nothing.
You swing at nothing.
You swing at nothing.
You feel less wooden.
Your +1 robe unmelds from your body.
You swing at nothing.
Things that are here:
a +0 club; a gnoll corpse
Things that are here:
a +0 spear; a gnoll corpse
Found a stone staircase leading down.
There is a stone staircase leading down here.
You climb downwards.
The adder hisses angrily.
Found 2 stones and a ring mail.
There is a stone staircase leading up here.
An iguana comes into view.
The iguana hisses angrily.
You miscast Sandblast.
You are very lightly contaminated with residual magic.
Nothing appears to happen.
The blast of sand hits the adder!
You kill the adder!
Casting: Sandblast (safe; 1% risk of failure)
Confirm with . or Enter, or press ? or * to list all spells.
Aiming: Stone Arrow (dangerous; 9% risk of failure)
Press: ? - help, Shift-Dir - straight line, f - iguana
Aim: an iguana (72% to hit)
The stone arrow hits the iguana!
The iguana is heavily wounded.
The blast of sand hits the iguana but does no damage.
The iguana is heavily wounded.
The iguana bites you!
* * * LOW HITPOINT WARNING * * *
You are too injured to fight recklessly!
Casting: Sandblast (safe; 1% risk of failure)
Confirm with . or Enter, or press ? or * to list all spells.
Aiming: Stone Arrow (dangerous; 9% risk of failure)
Press: ? - help, Shift-Dir - straight line, f/p - iguana
Aim: an iguana (heavily wounded, 72% to hit)
The stone arrow misses the iguana.
The iguana bites you but does no damage.
Casting: Stone Arrow (dangerous; 9% risk of failure)
Confirm with . or Enter, or press ? or * to list all spells.
You don't have enough magic to cast this spell.
Unknown command.
You are too injured to fight recklessly!
Casting: Stone Arrow (dangerous; 9% risk of failure)
Confirm with . or Enter, or press ? or * to list all spells.
Aiming: Sandblast (safe; 1% risk of failure)
Press: ? - help, Shift-Dir - straight line, f/p - iguana
Aim: an iguana (heavily wounded, 85% to hit)
The blast of sand hits the iguana but does no damage.
The iguana is heavily wounded.
The iguana bites you!
You die...

* , #.# ,*,
, *, #.#* ,
, #.# , , *
*#.# ,, , ,
##.#,, , ,
,.[# ,, , ,
#.# ,
#.#####<#*
,, * ,
..(...l@#*,
#.#####.# ,
, * #.# *,
* , * #.# *
#.# * * #.#
,* #.# #.#


You could see an iguana.

Vanquished Creatures
  An iguana (D:4)
  4 gnolls (D:4)
  4 adders
  An orc (D:3)
  2 endoplasms
  2 giant cockroaches (D:3)
  2 goblins (D:3)
  A hobgoblin (D:4)
  A kobold (D:2)
  A quokka (D:1)
  5 ball pythons
24 creatures vanquished.

Notes
Turn   | Place    | Note
-------+----------+-------------------------------------------
     0 | D:1      | sentinel the Meteoran Earth Elementalist began the quest
                  | for the Orb.
     0 | D:1      | Reached XP level 1. HP: 14/14 MP: 5/5
    63 | D:2      | Reached skill level 4 in Earth Magic
    85 | D:2      | Reached XP level 2. HP: 20/20 MP: 3/6
    97 | D:4      | Reached XP level 3. HP: 26/26 MP: 5/8
   101 | D:4      | Learned a level 2 spell: Passwall
   105 | D:4      | Learned a level 3 spell: Stone Arrow
   109 | D:4      | Found a basalt altar of Yredelemnul.
   142 | D:3      | Reached skill level 5 in Earth Magic
   182 | D:4      | Noticed Edmund
   291 | D:4      | Reached skill level 1 in Conjurations
   291 | D:4      | Reached XP level 4. HP: 33/33 MP: 5/9
   307 | D:4      | Reached XP level 5. HP: 13/38 MP: 0/10
   351 | D:5      | Entered Level 5 of the Dungeon
   358 | D:5      | Slain by an iguana

Illustrated notes

Levels and vault maps discovered:
D:1:      evilmike_arrival_rings, layout_rooms, serial_shops,
          nicolae_shop_crystal, nicolae_shop_temple_entry_statues_fountains,
          nicolae_shop_trees, nicolae_shop_trees, kennysheep_decorative_pillar,
          chequers_serial_rivers_micro_a, hex_large
D:2:      layout_rooms, chequers_ecumenical_altar_lobes, reono_crystal_passage
D:3:      layout_loops_ring, serial_undead, serial_undead_f, serial_undead_e,
          serial_undead_c, serial_undead_a, minmay_bisected
D:4:      layout_rooms, yredelemnul_altar_generic,
          minmay_temple_entry_enclosed_plants, ebering_ghost_disaster_area,
          uniq_edmund, uniq_menkaure
D:5:      layout_loops_ring, minmay_manual_monstrance, uniq_prince_ribbit1

Skill      XL: |  1  2  3  4 |
---------------+-------------+-----
Earth Magic    | 4 5 |  5.6
Conjurations   | 1 2 |  2.6
Spellcasting   | 3 |  3.4
Dodging        | |  2.4
Stealth        | |  1.4
Transmutations | |  1.2

Action                   |  1- 3 |  4- 6 || total
-------------------------+-------+-------++-------
Melee: Unarmed           |       |    10 ||    10
 Cast: Sandblast         |    31 |    12 ||    43
       Stone Arrow       |     3 |     2 ||     5
       Passwall          |     1 |       ||     1
  Use: Scroll            |       |     3 ||     3
       Potion            |       |     2 ||     2
Armor: Robe              |    12 |     1 ||    13
       Skin              |       |    31 ||    31
Dodge: Dodged            |    36 |    11 ||    47
